 Dungeon Crawl Stone Soup version 0.27.1-33-g824d729ab1 (console) character file.

Game seed: 10431551498627516386

47946 Banquo the Thaumaturge (level 14, -9/95 HPs)
             Began as a Djinni Chaos Knight on Dec 30, 2021.
             Was a High Priest of Ashenzari.
             Hit by a javelin thrown by a minotaur (27 damage)
             ... in a Gauntlet.
             The game lasted 02:47:11 (39725 turns).

Banquo the Thaumaturge (Djinni Chaos Knight)       Turns: 39725, Time: 02:47:11

Health: -9/95      AC: 10    Str:  7      XL:     14   Next: 84%
Gold:   763        EV: 29    Int:  9 (11) God:    Ashenzari [*****.] SH: 11 Dex: 14 (18)

rFire    + + .     SeeInvis +   a - +12 rapier {protect, Int-3 Dex+6}
rCold    + . .     Faith    .   i - +0 kite shield of the Fated Yoke {Evo, Self} (curse)
rNeg     . . .     Spirit   .   d - +2 leather armour "Eternal Foul Odors" {rC+, Melee, Self} (curse)
rPois    ∞         Reflect  .   h - +2 helmet
rElec    .         Harm     .   e - +0 cloak of the Unveiling Failure {Self, Melee} (curse)
rCorr    .         Rampage  .   g - +0 pair of gloves of the Astrological God {Melee, Cun} (curse)
Will     ++...     Clarity  +   (boots unavailable) Stlth +.........NoTele +
                                K - amulet of the Enigmatic Burden {Acrobat, Range, Self} (curse)
HPRegen  0.25/turn              P - ring of the Oracular Mistrust {Will+, Self, Range} (curse)
MPRegen  0.00/turn              U - ring "I Knew You'd Do That" {rC+, Self, Melee} (curse)

@: unable to read, acrobatic, flying, very slightly contaminated
A: sickness immunity, fire resistance 2, cold vulnerability 1, float, innate
caster, hp casting, extra vitality 1, clarity, clumsy 1, dopey 2, screaming 1,
no potion heal 1, [deformed body], [deterioration 2], [frail 2], [weak 2],
[inability to read while threatened]
a: Renounce Religion, Curse Item, Shatter the Chains


You were in a Gauntlet.
You worshipped Ashenzari.
Ashenzari was extremely pleased with you.
You visited 3 branches of the dungeon, and saw 19 of its levels.
You also visited: Gauntlet.

You collected 1177 gold pieces.
You spent 414 gold pieces at shops.

Inventory:

Hand Weapons
 a - the +12 rapier "Cynanlab" (weapon) {protect, Int-3 Dex+6}
   (You found it on level 7 of the Dungeon)

   It grants its wielder temporary protection when it strikes (+7 to AC).
   Int:       It affects your intelligence (-3).
   Dex:       It affects your dexterity (+6).
 b - the +6 dagger "Ibbor" {antimagic, Will+ Str+4 Int+3 Stlth-}
   (You found it on level 6 of the Dungeon)

   It reduces the magical energy of the wielder, and disrupts the spells and
   magical abilities of those it strikes.
   Natural abilities and divine invocations are not affected.
   Str:       It affects your strength (+4).
   Int:       It affects your intelligence (+3).
   Will:      It increases your willpower.
   Stlth:     It makes you less stealthy.
 s - a +3 rapier of venom
 t - the +10 morningstar "Kekkoin" {elec, rPois rC+ Will- Stlth+}
   (You found it on level 4 of the Lair of Beasts)

   It occasionally discharges a powerful burst of electricity upon striking a
   foe.
   rC:        It protects you from cold.
   rPois:     It protects you from poison.
   Will:      It decreases your willpower.
   Stlth:     It makes you more stealthy.
 B - the +8 trident of the Octopus King {venom, rElec rPois Will+}
   (You found it on level 6 of the Lair of Beasts)

   It poisons the flesh of those it strikes.
   rElec:     It insulates you from electricity.
   rPois:     It protects you from poison.
   Will:      It increases your willpower.
 C - a +2 scimitar of flaming
Missiles
 y - 2 boomerangs
 E - 134 poisoned darts (quivered)
 G - 3 throwing nets
Armour
 d - the cursed +2 leather armour "Eternal Foul Odors" (worn) {rC+, Melee, Self}
   (You took it off Eustachio on level 6 of the Dungeon)

   It has a curse which improves the following skills: Melee Combat: Short
   Blades, Long Blades, Axes, Maces & Flails, Polearms, Staves and Unarmed
   Combat.
   Introspection: Fighting and Spellcasting.
 e - the cursed +0 cloak of the Unveiling Failure (worn) {Self, Melee}
   (You found it on level 5 of the Lair of Beasts)

   It has a curse which improves the following skills: Introspection: Fighting
   and Spellcasting.
   Melee Combat: Short Blades, Long Blades, Axes, Maces & Flails, Polearms,
   Staves and Unarmed Combat.
 g - the cursed +0 pair of gloves of the Astrological God (worn) {Melee, Cun}
   (You found it on level 6 of the Dungeon)

   It has a curse which improves the following skills: Melee Combat: Short
   Blades, Long Blades, Axes, Maces & Flails, Polearms, Staves and Unarmed
   Combat.
   Cunning:   Dodging and Stealth.
 h - a +2 helmet (worn)
 i - the cursed +0 kite shield of the Fated Yoke (worn) {Evo, Self}
   (You found it on level 7 of the Dungeon)

   It has a curse which improves the following skills: Evocations: Evocations.
   Introspection: Fighting and Spellcasting.
 n - a scarf of resistance
 q - the +0 cloak of Fortification {rPois rCorr Int+3}
   (You found it in a Gauntlet)

   Int:       It affects your intelligence (+3).
   rPois:     It protects you from poison.
   rCorr:     It protects you from acid and corrosion.
Magical Staves
 V - a staff of conjuration
Jewellery
 r - a ring of resist corrosion
 K - the cursed amulet of the Enigmatic Burden (around neck) {Acrobat, Range, Self}
   (You found it on level 8 of the Dungeon)

   [amulet of the acrobat]

   It increases your evasion while moving and waiting.
   It has a curse which improves the following skills: Ranged Combat: Slings,
   Bows, Crossbows and Throwing.
   Introspection: Fighting and Spellcasting.
 P - the cursed ring of the Oracular Mistrust (left hand) {Will+, Self, Range}
   (You found it on level 7 of the Dungeon)

   [ring of willpower]

   Will:      It increases your willpower.
   It has a curse which improves the following skills: Introspection: Fighting
   and Spellcasting.
   Ranged Combat: Slings, Bows, Crossbows and Throwing.
 R - a +4 ring of evasion
 U - the cursed ring "I Knew You'd Do That" (right hand) {rC+, Self, Melee}
   (You found it on level 9 of the Dungeon)

   [ring of protection from cold]

   rC:        It protects you from cold.
   It has a curse which improves the following skills: Introspection: Fighting
   and Spellcasting.
   Melee Combat: Short Blades, Long Blades, Axes, Maces & Flails, Polearms,
   Staves and Unarmed Combat.
Wands
 v - a wand of flame (17)
 w - a wand of iceblast (5)
 D - a wand of digging (5)
Scrolls
 j - 8 scrolls of teleportation
 m - a scroll of magic mapping
 o - a scroll of enchant weapon
 p - a scroll of summoning
 F - a scroll of acquirement
 Q - a scroll of fog
 T - a scroll of blinking
Potions
 f - a potion of mutation
 k - 5 potions of curing
 l - 3 potions of might
 u - a potion of cancellation
 A - 4 potions of heal wounds
 J - a potion of brilliance
 M - 2 potions of resistance
 O - a potion of invisibility
Miscellaneous
 L - a box of beasts


   Skills:
 * Level 9.3(17.1) Fighting
 - Level 9.0(15.0) Short Blades
 - Level 3.6(9.2) Axes
 - Level 7.2 Armour
 - Level 6.4(9.1) Dodging
 * Level 11.1 Shields
 - Level 11.9(19.6) Spellcasting


You had 34 spell levels left.
You knew the following spells:

 Your Spells              Type           Power      Damage    Failure   Level
a - Foxfire               Conj/Fire      100%       2x1d9     0%          1
b - Iskenderun's Battles  Conj           44%        2d10      1%          5
c - Corpse Rot            Necr/Air       N/A        N/A       0%          2
d - Leda's Liquefaction   Hex/Erth       22%        N/A       1%          4
h - Ensorcelled Hibernat  Hex/Ice        88%        N/A       0%          2
Y - Summon Ice Beast      Ice/Summ       44%        N/A       1%          4
Your spell library was empty.

Dungeon Overview and Level Annotations

Branches:
Dungeon (12/15)            Temple (1/1) D:6            Lair (6/6) D:9
  Swamp (0/4) Lair:2        Snake (0/4) Lair:2        Slime (0/5) Lair:5
    Orc (0/2) D:10        Gauntlet (1/1)

Altars:
Ashenzari
Cheibriados
Dithmenos
Elyvilon
Fedhas
Gozag
Hepliaklqana
Kikubaaqudgha
Makhleb
Nemelex Xobeh
Okawaru
Qazlal
Ru
Sif Muna
Trog
Uskayaw
Vehumet
Wu Jian
Xom
Yredelemnul
Zin
The Shining One
Jiyva

Shops:
D:2 (   D:3 [   D:9 [   D:10 :   D:12 *

Portals:
Trove: D:11 (give +6 demon blade)

Annotations:
D:5 3 runed translucent doors, MisterT's ghost, novice HOFi; Terracrafty's ghost, novice FeTm; Xye's ghost, novice HOFi
D:8 Beetle
D:11 Urug
Lair:2 3 runed translucent doors, Squibie's ghost, journeyman DjGl
Lair:3 exclusion: obsidian statue Gauntlet 13 runed translucent doors, 10 transporters


Innate Abilities, Weirdness & Mutations

You are immune to sickness and miasma.
You are immune to poison.
Your flesh is very heat resistant. (rF++)
You are vulnerable to cold. (rC-)
You float through the air rather than walking.
You learn spells naturally, not from books.
Your magical power is your life essence.
You have superior vitality. (+4 HP)
You possess an exceptional clarity of mind.
You are clumsy. (Dex -2)
You are very dopey. (Int -4)
You occasionally shout uncontrollably at your foes.
Potions are less effective at restoring your health.
[Armour fits poorly on your strangely shaped body.]
[Your body often deteriorates upon taking damage.]
[You are very frail. (-20% HP)]
[You are very weak. (Str -4)]
[You sometimes lose the ability to read scrolls when taking damage.]


Message History

The minotaur hits your ice beast with a +5 battleaxe of freezing!!
The minotaur gores your ice beast!
Your ice beast hits the minotaur but does no damage.
The wolf spider hisses angrily.
The minotaur closely misses your ice beast.
The minotaur hits your ice beast with a +5 battleaxe of freezing!!
The minotaur gores your ice beast!
Your ice beast dies!
Your ice beast disappears in a puff of smoke!
The wolf spider hisses angrily.
Your ice beast barely misses the minotaur.
The minotaur furiously retaliates!
The minotaur headbutts your ice beast.
Your ice beast dies!
Your ice beast disappears in a puff of smoke!
You flicker for a moment.
The minotaur bellows!
You feel yourself slow down.
The wolf spider hisses angrily.
The wolf spider hisses angrily.
The minotaur hits you with a +5 battleaxe of freezing!
You feel threatened and lose the ability to read scrolls!
* * * LOW HITPOINT WARNING * * *
Your body deteriorates!
You feel clumsy. The minotaur freezes you.
* * * LOW HITPOINT WARNING * * *
The minotaur completely misses you.
You can read scrolls again.
You bump into the crystal wall.
You feel less invigorated.
You feel less confused.
The wolf spider hisses angrily.
The minotaur closely misses you. The minotaur gores you!
You feel threatened and lose the ability to read scrolls!
* * * LOW HITPOINT WARNING * * *
Your body deteriorates!
You feel clumsy.
The moth of wrath's fur bristles in rage as it notices you.
You flicker back into view.
The minotaur throws a javelin.
The javelin completely misses you.
The minotaur throws a javelin.
The javelin pierces through you!!
You die...
Xom cackles wildly!

###8.#8.8#.8### #....#...#....##
#.#..#8.8#..#.###
#.#..##'##..#.###
#.............###
#.#.##.#.##.#.###
#.#....#....#.###
###.#.#######.#.###
#≈.....@..H......≈# ###
#8.8.8.8.8.8.8.8.8# ###
###8####≈...............≈# #8#
############.#########.#########
###≈.......#.#..≈∩≈..#.#.......≈
####........#©#.......#©#........
##8#..###########...###########..
####..#.......ys#...#.........#..
##....#.##.s.##s#...#.#.#.#.#.#..


You could see a minotaur, a moth of wrath and a redback.

Vanquished Creatures
  6 hydras
  A merfolk avatar (Lair:6)
  A catoblepas (Lair:5)
  3 boulder beetles
  Erica (D:10)
  2 death yaks (Lair:5)
  A wretched star (Gauntlet)
  A wizard (Gauntlet)
  A bog body (Lair:2)
  2 harpies (Lair:6)
  3 oklob plants (Lair:3)
  A manticore (Lair:6)
  An ugly thing (D:11)
  3 elephants
  6 black mambas
  Joseph (D:10)
  6 cane toads
  A torpor snail (Lair:5)
  6 rime drakes
  9 komodo dragons
  A wolf spider simulacrum (Gauntlet)
  4 polar bears
  2 wind drakes (Lair:6)
  3 hornets
  Grinder (D:5)
  A dream sheep (Lair:5)
  13 blink frogs
  2 snapping turtles (Lair:6)
  A centaur simulacrum (Gauntlet)
  2 shadows
  19 yaks
  4 wyverns
  4 wraiths (Lair:4)
  Eustachio (D:6)
  Grum (D:10)
  2 basilisks
  Menkaure (D:7)
  A steam dragon (Lair:6)
  A neqoxec (Gauntlet)
  An acid dragon (D:9)
  A hydra simulacrum (Gauntlet)
  8 water moccasins
  8 orc warriors
  A black bear (D:5)
  A meliai simulacrum (Gauntlet)
  3 ice beasts
  2 necrophages (D:7)
  9 wolves
  4 centaurs
  5 phantoms
  4 kobold brigands
  16 bullfrogs
  Blork the orc (D:4)
  2 gnoll sergeants
  A wyvern zombie (D:9)
  2 scorpions
  15 killer bees
  15 wights
  6 electric eels
  3 howler monkeys (D:9)
  3 centaur zombies
  3 jellies
  4 hounds
  Crazy Yiuf (D:4)
  4 orc priests
  A bullfrog skeleton (D:6)
  2 centaur skeletons
  A gnoll shaman (D:7)
  An iguana (D:5)
  8 orc wizards
  A killer bee zombie (D:5)
  A howler monkey zombie (D:10)
  Robin (D:4)
  16 gnolls
  5 adders
  A shadow imp (D:7)
  A white imp (D:8)
  A worm (D:3)
  A dart slug (D:3)
  24 orcs
  4 bats
  8 endoplasms
  8 giant cockroaches
  9 hobgoblins
  16 kobolds
  5 quokkas
  3 ball pythons
  5 frilled lizards
  13 goblins
  4 rats (D:3)
383 creatures vanquished.

Vanquished Creatures (collateral kills)
  Josephine (Lair:4)
  5 hydras
  A bog body (Lair:2)
  A manticore (Lair:6)
  An oklob plant (Lair:3)
  A black mamba (Lair:5)
  3 elephants (Lair:4)
  4 cane toads
  3 komodo dragons
  A hornet (Lair:6)
  5 blink frogs
  A vampire (D:11)
  A wraith (Lair:4)
  2 wyverns
  2 basilisks
  12 yaks
  A steam dragon (Lair:6)
  7 vampire mosquitoes
  Edmund (D:4)
  A swamp worm (Lair:1)
  3 water moccasins
  2 wolves (Lair:6)
  2 bullfrogs
  A white imp (Gauntlet)
  13 foxfires
75 creatures vanquished.

Vanquished Creatures (others)
  An orc (D:6)
  1897 foxfires
  55 fungi
  122 plants
  4 withered plants (D:5)
2079 creatures vanquished.

Grand Total: 2537 creatures vanquished

Notes
Turn   | Place    | Note
-------+----------+-------------------------------------------
     0 | D:1      | Banquo the Djinni Chaos Knight began the quest for the Orb.
     0 | D:1      | Reached XP level 1. HP: 20/20 MP: 0/0
    14 | D:1      | XOM: smoke on damage
   179 | D:1      | Reached XP level 2. HP: 25/25 MP: 0/0
   329 | D:1      | Found a faded altar of an unknown god.
   466 | D:1      | XOM: silly message
   750 | D:1      | XOM: god gift: 17 gold pieces
   990 | D:2      | XOM: god gift: 45 gold pieces
  1020 | D:2      | XOM: fog
  1035 | D:2      | Reached XP level 3. HP: 25/30 MP: 0/0
  1035 | D:2      | Learned a level 1 spell: Foxfire
  1079 | D:2      | XOM: 2-stop teleportation journey
  1103 | D:2      | XOM: 2-stop teleportation journey
  1300 | D:2      | Found Eten's Antique Weapon Emporium.
  1305 | D:2      | XOM: stat loss: -1 Int (13/14)
  1715 | D:3      | Reached XP level 4. HP: 26/35 MP: 0/0
  2007 | D:3      | Reached skill level 1 in Spellcasting
  2038 | D:3      | Found a burning altar of Makhleb.
  2069 | D:3      | XOM: 3-stop teleportation journey
  2093 | D:3      | XOM: cleaving
  2096 | D:3      | XOM: smoke on damage
  2587 | D:3      | XOM: divination: detect creatures
  2594 | D:3      | Found Ihow's Antique Armour Boutique.
  2965 | D:2      | Bought an ivory war axe for 212 gold pieces
  2965 | D:2      | Identified the +5 war axe of Xoatilo {chaos, rC- rN+ rCorr
                  | Int+4} (You bought it in a shop on level 2 of the Dungeon)
  3016 | D:4      | Reached XP level 5. HP: 38/40 MP: 0/0
  3016 | D:4      | Learned a level 2 spell: Ensorcelled Hibernation
  3064 | D:4      | Noticed Blork the orc
  3085 | D:4      | Killed Blork the orc
  3086 | D:4      | Reached XP level 6. HP: 4/46 MP: 0/0
  3186 | D:4      | XOM: divination: detect creatures
  3194 | D:4      | XOM: cloud trail
  3493 | D:4      | Noticed Edmund
  3574 | D:4      | XOM: scenery: 1 doors open, 1 doors close
  3583 | D:4      | XOM: summons friendly quasit
  3588 | D:4      | HP: 2/46 [Edmund (3)]
  3656 | D:4      | XOM: cast spell 'Monstrous Menagerie'
  3660 | D:4      | Killed Edmund
  3661 | D:4      | Reached skill level 1 in Axes
  3801 | D:4      | XOM: give mutation
  3801 | D:4      | Gained mutation: You are dopey. (Int -2) [Xom's mischief]
  3912 | D:4      | Noticed Robin
  4215 | D:4      | Reached XP level 7. HP: 47/50 MP: 0/0
  4215 | D:4      | Learned a level 2 spell: Corpse Rot
  4238 | D:4      | Killed Robin
  4463 | D:4      | Found a runed translucent door.
  4464 | D:4      | Noticed Crazy Yiuf
  4672 | D:4      | XOM: summons 3 hostile demons
  4673 | D:4      | Noticed a rust devil
  5114 | D:5      | Entered Level 5 of the Dungeon
  5114 | D:5      | Noticed Grinder
  5484 | D:5      | XOM: silly message
  5491 | D:5      | Found a runed translucent gate.
  5492 | D:5      | Found a runed translucent gate.
  5492 | D:5      | Found a runed translucent gate.
  5505 | D:5      | Noticed Terracrafty's ghost (novice FeTm)
  5505 | D:5      | Noticed Xye's ghost (novice HOFi)
  5505 | D:5      | Noticed MisterT's ghost (novice HOFi)
  5509 | D:5      | XOM: potion effect (haste)
  5545 | D:5      | XOM: divination: detect creatures
  5615 | D:5      | XOM: silly message
  5729 | D:5      | XOM: divination: magic mapping
  5776 | D:5      | Reached XP level 8. HP: 32/56 MP: 0/0
  5830 | D:5      | XOM: silly message
  5989 | D:5      | XOM: silly message
  6008 | D:5      | Killed Grinder
  6229 | D:5      | Noticed Eustachio
  6237 | D:5      | XOM: smoke on damage
  6390 | D:5      | XOM: potion effect (heal wounds)
  6405 | D:6      | Killed Eustachio
  6406 | D:6      | Reached skill level 5 in Spellcasting
  7272 | D:5      | XOM: cloud trail
  7390 | D:6      | Identified a scroll of acquirement
  7541 | D:6      | Reached XP level 9. HP: 55/60 MP: 0/0
  7541 | D:6      | Learned a level 4 spell: Leda's Liquefaction
  7541 | D:6      | XOM: scenery: create altars
  7688 | D:6      | XOM: summons 2 hostile shadow creatures
  7881 | D:6      | Found a staircase to the Ecumenical Temple.
  7886 | Temple   | Entered the Ecumenical Temple
  8006 | Temple   | Fell from the grace of Xom
  8006 | Temple   | Became a worshipper of Ashenzari the Shackled
  8572 | D:6      | Identified the +6 dagger "Ibbor" {antimagic, Will+ Str+4
                  | Int+3 Stlth-}
  8880 | D:7      | XOM: god gift: +1 halberd of chaos
  9028 | D:7      | Noticed Menkaure
  9036 | D:7      | Killed Menkaure
  9141 | D:7      | XOM: give mutations
  9141 | D:7      | Gained mutation: Potions are less effective at restoring
                  | your health. [Xom's mischief]
  9141 | D:7      | Gained mutation: You are very dopey. (Int -4) [Xom's
                  | mischief]
  9141 | D:7      | Gained mutation: [You are weak. (Str -2)] [Xom's mischief]
  9213 | D:7      | XOM: torment (32/61 hp)
  9367 | D:7      | Identified the +12 rapier "Cynanlab" {protect, Int-3 Dex+6}
  9466 | D:7      | XOM: summons 10 hostile demons
  9709 | D:7      | XOM: give mutations
  9709 | D:7      | Gained mutation: You occasionally shout uncontrollably at
                  | your foes. [Xom's mischief]
  9709 | D:7      | Lost mutation: You are very dopey. (Int -4) [Xom's
                  | mischief]
  9709 | D:7      | Gained mutation: You possess an exceptional clarity of
                  | mind. [Xom's mischief]
  9971 | D:7      | Reached skill level 5 in Short Blades
  9989 | D:7      | XOM: cloud trail
 10097 | D:7      | Reached XP level 10. HP: 45/67 MP: 0/0
 10641 | D:7      | XOM: torment (27/67 hp)
 10871 | D:8      | Reached skill level 5 in Armour
 10871 | D:8      | Reached skill level 1 in Shields
 10890 | D:8      | XOM: torment (26/67 hp)
 11155 | D:8      | Noticed a boulder beetle
 11818 | D:8      | Reached * piety under Ashenzari
 12026 | D:8      | XOM: scenery: create altars
 12371 | D:8      | Found a sacrificial altar of Ru.
 12453 | D:7      | XOM: stat loss: -2 Int (16/18)
 12680 | D:7      | XOM: summons 2 hostile demons
 13526 | D:9      | XOM: summons 3 hostile shadow creatures
 13527 | D:9      | Noticed a two-headed ogre
 13629 | D:9      | XOM: divination: detect creatures
 13867 | D:9      | Reached ** piety under Ashenzari
 13901 | D:9      | Found a staircase to the Lair.
 13966 | D:9      | XOM: swap monsters
 14063 | D:9      | Found Ziafidos's Antique Armour Shoppe.
 14414 | D:9      | Reached XP level 11. HP: 71/76 MP: 0/0
 14414 | D:9      | Learned a level 4 spell: Summon Ice Beast
 14580 | Lair:1   | Entered Level 1 of the Lair of Beasts
 15004 | Lair:1   | XOM: give mutation
 15004 | Lair:1   | Gained mutation: You are clumsy. (Dex -2) [Xom's mischief]
 15037 | Lair:1   | Noticed an eight-headed hydra
 15043 | Lair:1   | Killed an eight-headed hydra
 15299 | Lair:1   | XOM: give mutations
 15299 | Lair:1   | Gained mutation: You are very dopey. (Int -4) [Xom's
                  | mischief]
 15299 | Lair:1   | Lost mutation: [You are weak. (Str -2)] [Xom's mischief]
 15315 | D:9      | Reached *** piety under Ashenzari
 15361 | Lair:1   | Noticed a four-headed hydra
 15368 | Lair:1   | Killed a four-headed hydra
 15473 | Lair:1   | XOM: cloud trail
 15875 | Lair:1   | Noticed an eight-headed hydra
 15887 | Lair:1   | Killed an eight-headed hydra
 16402 | Lair:1   | XOM: divination: detect items
 16635 | Lair:2   | Reached skill level 10 in Spellcasting
 16837 | Lair:1   | Reached skill level 5 in Fighting
 17277 | Lair:1   | XOM: noise
 17333 | Lair:1   | Reached XP level 12. HP: 69/86 MP: 0/0
 17429 | Lair:1   | XOM: enchant monster (bad)
 18360 | Lair:2   | Found a runed translucent gate.
 18360 | Lair:2   | Found a runed translucent gate.
 18360 | Lair:2   | Found a runed translucent gate.
 18369 | Lair:2   | Found a staircase to the Snake Pit.
 18404 | Lair:2   | Noticed Squibie's ghost (journeyman DjGl)
 18458 | Lair:2   | Found a staircase to the Swamp.
 19045 | Lair:3   | XOM: noise
 19073 | Lair:3   | Noticed a boulder beetle
 19132 | Lair:2   | XOM: noise
 19132 | Lair:2   | Was forgiven by Xom
 19139 | Lair:2   | Killed a boulder beetle
 20551 | Lair:3   | Identified the +15 plate armour of Action {rPois Str+3
                  | Slay+3}
 20551 | Lair:3   | Identified the +6 shortbow of the Fool {speed, Drain Dex+6
                  | Stlth+}
 20734 | Lair:3   | Reached **** piety under Ashenzari
 22185 | Lair:4   | Reached XP level 13. HP: 76/99 MP: 0/0
 22185 | Lair:4   | Learned a level 5 spell: Iskenderun's Battlesphere
 22324 | Lair:4   | Reached skill level 5 in Dodging
 22845 | Lair:4   | Identified the +10 morningstar "Kekkoin" {elec, rPois rC+
                  | Will- Stlth+}
 23230 | Lair:4   | Noticed Josephine
 23245 | Lair:4   | Killed Josephine
 23583 | Lair:5   | Noticed a four-headed hydra
 23942 | Lair:4   | Killed a four-headed hydra
 23943 | Lair:4   | Reached skill level 5 in Shields
 24648 | Lair:5   | Noticed a four-headed hydra
 24648 | Lair:5   | Found a viscous altar of Jiyva.
 24648 | Lair:5   | Found a staircase to the Slime Pits.
 24730 | Lair:5   | Noticed a five-headed hydra
 24739 | Lair:5   | Noticed a catoblepas
 24741 | Lair:5   | Killed a five-headed hydra
 25589 | Lair:5   | Reached ***** piety under Ashenzari
 27080 | Lair:5   | Killed a four-headed hydra
 27191 | Lair:5   | Killed a catoblepas
 27613 | Lair:5   | Noticed a five-headed hydra
 27639 | Lair:5   | Killed a five-headed hydra
 27643 | Lair:5   | Noticed a boulder beetle
 27667 | Lair:5   | HP: 2/106 [boulder beetle (13)]
 28040 | Lair:5   | Killed a boulder beetle
 28685 | Lair:5   | Found a viscous altar of Jiyva.
 28686 | Lair:5   | Found a staircase to the Slime Pits.
 28946 | Lair:6   | Entered Level 6 of the Lair of Beasts
 29360 | Lair:6   | Reached XP level 14. HP: 76/114 MP: 0/0
 30620 | D:3      | Bought a runed helmet for 202 gold pieces
 31860 | Lair:6   | Identified the +9 demon whip of the Bespelling Lamprey
                  | {elec, *Rage rC+++ Int-2 Dex+10}
 32399 | Lair:6   | Found the +8 trident of the Octopus King {venom, rElec
                  | rPois Will+}
 32741 | Lair:6   | Reached skill level 10 in Shields
 33591 | D:4      | Killed Crazy Yiuf
 33873 | D:10     | Entered Level 10 of the Dungeon
 34061 | D:9      | Found Ziafidos's Antique Armour Shoppe.
 34085 | D:9      | Found a staircase to the Lair.
 34577 | D:10     | Noticed Joseph
 34577 | D:10     | Identified the Tome of the Burning Compass
 34675 | D:10     | Noticed Erica
 34692 | D:10     | Noticed Grum
 34919 | D:10     | Killed Erica
 35053 | D:10     | Killed Grum
 35123 | D:10     | Killed Joseph
 35491 | D:10     | Found Cokliv's Book Boutique.
 35900 | D:10     | Found a staircase to the Orcish Mines.
 36515 | D:10     | Found Cokliv's Book Boutique.
 36660 | D:11     | Found a portal to a secret trove of treasure.
 37231 | D:11     | Noticed Urug
 37587 | D:11     | Found the +10 dark maul {vorpal}
 38369 | D:12     | Found Justoje's Overcharged Wands.
 38398 | D:12     | Found a gate leading to a gauntlet.
 38421 | Gauntlet | Entered a Gauntlet
 38421 | Gauntlet | Found a large runed translucent door.
 38421 | Gauntlet | Found a large runed translucent door.
 38421 | Gauntlet | Found a large runed translucent door.
 38421 | Gauntlet | Found a large runed translucent door.
 38421 | Gauntlet | Found a large runed translucent door.
 38421 | Gauntlet | Found a large runed translucent door.
 38421 | Gauntlet | Found a runed translucent door.
 38421 | Gauntlet | Found a transporter.
 38421 | Gauntlet | Found a transporter.
 38421 | Gauntlet | Found a runed translucent door.
 38421 | Gauntlet | Found a large runed translucent door.
 38421 | Gauntlet | Found a large runed translucent door.
 38421 | Gauntlet | Found a large runed translucent door.
 38421 | Gauntlet | Found a large runed translucent door.
 38421 | Gauntlet | Found a large runed translucent door.
 38421 | Gauntlet | Found a large runed translucent door.
 38431 | Gauntlet | Found a transporter.
 38443 | Gauntlet | Found a transporter.
 38460 | Gauntlet | Identified the ring "Meanag" {rPois rC+ rN+}
 38462 | Gauntlet | Found a transporter.
 38474 | Gauntlet | Found a transporter.
 38476 | Gauntlet | Identified the ring of the Failed Coup {Ice Fly Int+4
                  | Dex+4}
 38479 | Gauntlet | Noticed a dire elephant
 38591 | Gauntlet | Found a transporter.
 38601 | Gauntlet | Identified the +9 battleaxe of the Vendetta {freeze, Fly
                  | Int-4 Dex+2}
 38605 | Gauntlet | Found a transporter.
 38613 | Gauntlet | Found a transporter.
 38613 | Gauntlet | Found a transporter.
 38621 | Gauntlet | Identified the ring "Ukixtao" {Fly rN+ Int+2 Dex+5}
 38621 | Gauntlet | Identified the +0 cloak of Fortification {rPois rCorr
                  | Int+3}
 38648 | Gauntlet | Found a transporter.
 38655 | Gauntlet | Found a transporter.
 38657 | Gauntlet | Identified the amulet of Daisies {Faith Slay+3}
 38659 | Gauntlet | Noticed a reaper
 38679 | Gauntlet | Found a transporter.
 38683 | Gauntlet | Found a large runed translucent door.
 38684 | Gauntlet | Found a large runed translucent door.
 38686 | Gauntlet | Found a runed translucent gate.
 38690 | Gauntlet | Found a runed translucent gate.
 38690 | Gauntlet | Found a transporter.
 38691 | Gauntlet | Found a runed translucent gate.
 38707 | Gauntlet | Found a large runed translucent door.
 38708 | Gauntlet | Found a large runed translucent door.
 38734 | Gauntlet | Found a transporter.
 38752 | Gauntlet | Found a transporter.
 39655 | Gauntlet | Noticed a minotaur
 39664 | Gauntlet | Identified the Papyrus of Conjuration
 39664 | Gauntlet | Identified the +0 robe "Niugeokud" {Stlth+}
 39690 | Gauntlet | Found the +1 cloak of Starlight {*Dazzle EV+4 Stlth--}
 39690 | Gauntlet | Identified the Grimoire of Translocation
 39725 | Gauntlet | Hit by a javelin thrown by a minotaur

Illustrated notes

Levels and vault maps discovered:
D:1:      psy_arrival_statuary, layout_basic,
          shapermc_ecumenical_altar_notcrosses, minmay_worlds_worst_comb
D:2:      layout_rooms, serial_shops, nicolae_shop_waterfront
D:3:      layout_rooms, lemuel_round_altar, serial_shops, shop, st_stairs_3,
          minmay_close_crescents
D:4:      layout_gridville, uniq_robin, uniq_blork_the_orc,
          uniq_crazy_yiuf_cottage, uniq_edmund
D:5:      layout_basic, gammafunk_ghost_cemetery, uniq_eustachio, uniq_grinder
D:6:      layout_basic, minmay_temple_entry_glassed_door, minmay_checkerbox
D:7:      wad_lake_hut, layout_gridville, uniq_menkaure
D:8:      layout_loops_ring, nicolae_ru_path_of_blood, st_stairs_5
D:9:      layout_irregular_city, lair_entry_dummy, serial_shops,
          nicolae_stop_n_shop_2, enter_bailey_2, wad_rectangle_vault
D:10:     layout_irregular_city, erik_orc_2, serial_shops, shop, uniq_joseph,
          uniq_erica, uniq_grum
D:11:     layout_long_grid, nicolae_trove_entry_isolated,
          minmay_misc_feat_more_columns, dk_noncrumbling_2, uniq_urug
D:12:     layout_roguey [special_room_bee], gauntlet_entry_generic,
          nicolae_shop_overcharged_wands
Temple:   regret_index_temple_chain_breaker
Lair:1:   layout_gridlike, serial_bayou, serial_bayou_pond_d,
          serial_bayou_shore_b, serial_bayou_pond_b, serial_bayou_lagoon_a,
          grunt_megastairs_2
Lair:2:   layout_cave_shapes, nicolae_swamp_entry_splash_gauntlet,
          dummy_snake_entry, gammafunk_ghost_icy, infiniplex_staircase_pool_2
Lair:3:   statuecave_lemuel, layout_layer_cave, serial_bayou_pond_c,
          minmay_lair_oklob_chamber
Lair:4:   layout_regular_city, uniq_josephine
Lair:5:   layout_roguey, slime_altar_1, st_stairs_9,
          hangedman_lair_generics_rect
Lair:6:   gammafunk_lair_ancient_temple, layout_cave_pods
Gauntlet: gammafunk_gauntlet_branching [gammafunk_gauntlet_arena_chambers,
          minmay_gauntlet_arena_make_your_own_arena, nicolae_gauntlet_swirl,
          gammafunk_gauntlet_arena_arrow_garden, nicolae_gauntlet_arena_x,
          nicolae_gauntlet_arena_flowing_pool, gammafunk_gauntlet_arena_split_x,
          gammafunk_gauntlet_arena_grid, nicolae_gauntlet_exit_dead_adventurers]

Skill      XL: |  1  2  3  4  5  6  7  8  9 10 11 12 13 14 |
---------------+-------------------------------------------+-----
Short Blades   | 3 5 6 7 8 9 |  9.0
Armour         | 2 3 4 5 7 |  7.2
Spellcasting   | 1 2 3 4 5 7 8 10 11 | 11.9
Axes           | 1 2 3 |  3.6
Dodging        | 3 4 6 |  6.4
Shields        | 3 4 7 11 | 11.1
Fighting       | 4 5 6 7 9 |  9.3

Action                   |  1- 3 |  4- 6 |  7- 9 | 10-12 | 13-15 || total
-------------------------+-------+-------+-------+-------+-------++-------
Melee: Short sword       |    61 |    10 |       |       |       ||    71
       War axe           |       |    12 |    33 |       |       ||    45
       Rapier            |       |       |    28 |   284 |    85 ||   397
       Dagger            |       |       |     4 |    18 |       ||    22
       Trident           |       |       |       |       |     1 ||     1
 Cast: Foxfire           |    21 |    78 |   185 |   334 |   464 ||  1082
       Ensorcelled Hiber |       |       |       |     6 |    16 ||    22
       Summon Ice Beast  |       |       |       |    96 |    84 ||   180
       Leda's Liquefacti |       |       |       |     2 |       ||     2
       Iskenderun's Batt |       |       |       |       |   136 ||   136
Invok: Curse Item        |       |       |     1 |     5 |     2 ||     8
       Shatter the Chain |       |       |       |       |     1 ||     1
  Use: Scroll            |       |       |    10 |     4 |     1 ||    15
       Potion            |       |       |       |       |     7 ||     7
 Stab: Distracted        |       |       |       |     2 |     2 ||     4
       Confused          |       |       |       |     1 |       ||     1
       Sleeping          |       |       |       |       |     6 ||     6
Armor: Leather armour    |    33 |    23 |    74 |   107 |    85 ||   322
Dodge: Dodged            |    41 |    55 |   142 |   359 |   288 ||   885
Block: Other             |       |       |    24 |       |       ||    24
       Reflection        |       |       |     6 |     1 |       ||     7
       Buckler           |       |       |     2 |    76 |       ||    78
       Kite shield       |       |       |       |    96 |   212 ||   308
